 Dungeon Crawl Stone Soup version 0.30-a0-778-g2ef04afb54 (webtiles) character file.

Game seed: 14838461332773152330

43 mopl the Cudgeller (level 3, -3/21 HPs)
             Began as a Tengu Warper on Feb 15, 2023.
             Slain by a hobgoblin (5 damage)
             ... led by Robin
             ... on level 2 of the Dungeon.
             The game lasted 00:01:07 (773 turns).

mopl the Cudgeller (Tengu Warper)                    Turns: 773, Time: 00:01:07

Health: -3/21      AC:  3    Str: 13    XL:     3   Next: 58%
Magic:  7/7        EV: 12    Int: 13    God:
Gold:   71         SH:  0    Dex: 13    Spells: 6/6 levels left

rFire   . . .      SeeInvis .    a - +0 mace
rCold   . . .      Faith    .    (no shield)
rNeg    . . .      Spirit   .    b - +0 leather armour
rPois   .          Reflect  .    (helmet restricted)
rElec   .          Harm     .    (no cloak)
rCorr   .          Rampage  .    (no gloves)
Will    .....                    (boots unavailable)
Stlth   +                        k - amulet of regeneration
HPRegen 1.03/turn                (no ring)
MPRegen 0.10/turn                (no ring)

@: no status effects
A: beak, talons 3
a: no special abilities


You were on level 2 of the Dungeon.
You visited 1 branch of the dungeon, and saw 2 of its levels.

You collected 71 gold pieces.

Inventory:

Hand Weapons
 a - a +0 mace (weapon)
Missiles
 d - 7 boomerangs of dispersal
 j - 3 poisoned darts (quivered)
Armour
 b - a +0 leather armour (worn)
 i - a +0 ring mail
Jewellery
 k - an amulet of regeneration (around neck)
 l - a ring of protection from fire
Scrolls
 c - a scroll of blinking
 e - 2 scrolls of poison {unknown}
 g - a scroll of identify {unknown}
 m - a scroll of immolation {unknown}
Potions
 f - 2 potions of heal wounds {unknown}
 h - a potion of lignification {unknown}


   Skills:
 - Level 2.0 Fighting
 * Level 3.7 Maces & Flails
 - Level 1.0 Throwing
 - Level 1.1 Armour
 - Level 2.1 Dodging
 - Level 2.0 Spellcasting
 + Level 2.8 Translocations


You had 6 spell levels left.
You didn't know any spells.
Your spell library contained the following spells:

 Spells                   Type           Power      Damage    Failure   Level
 Blink                    Tloc           16%        N/A       16%         2
 Lesser Beckoning         Tloc           16%        N/A       16%         2
 Gell's Gravitas          Tloc           8%         N/A       30%         3
 Teleport Other           Tloc           8%         N/A       30%         3
 Static Discharge         Conj/Air       2%         2-3/arc   43%         2
 Vhi's Electric Charge    Tloc/Air       10%        N/A       47%         3
 Manifold Assault         Tloc           8%         N/A       69%         4
 Arcjolt                  Conj/Air       0%         1d10      100%        5
 Lightning Bolt           Conj/Air       0%         1d11      100%        5


Dungeon Overview and Level Annotations

Branches:
Dungeon (2/15)

Altars:

Annotations:
D:2 Robin


Innate Abilities, Weirdness & Mutations

You have a beak for a mouth.
You have claws for feet.


Message History

No target in view!
You climb downwards.
Level annotation: Robin The goblin shouts!
The ball python barely misses you. The ball python completely misses you.
The goblin barely misses you. The goblin hits you with a +0 dagger.
There is a stone staircase leading up here.
HP restored.
The ball python barely misses you. The ball python grabs you.
You stop ascending the stairs.
The ball python constricts you. The goblin hits you with a +0 club.
The goblin hits you but does no damage. The ball python closely misses you.
The ball python constricts you.
You hit the ball python.
You kill the ball python!
The goblin completely misses you. The goblin hits you but does no damage.
You hit the goblin.
You kill the goblin!
The goblin closely misses you. x2; The hobgoblin barely misses you.
You hit the goblin. Your kick misses the goblin. Your peck misses the goblin.
The goblin is moderately wounded.
The goblin barely misses you. x2
Robin roars a battlecry!
The goblins go into a battle-frenzy!
The hobgoblin closely misses you. The goblin hits you but does no damage.
The goblin closely misses you. The hobgoblin barely misses you.
You closely miss the goblin.
The goblin is moderately wounded.
The goblin hits you but does no damage. The hobgoblin closely misses you.
The goblin hits you with a +0 dagger. The goblin hits you with a +0 club.
Robin throws the goblin at you!
You hit the goblin. You claw the goblin.
You kill the goblin!
The goblin hits you with a +0 dagger. x2; The hobgoblin hits you.
Robin throws the goblin at you!
* * * LOW HITPOINT WARNING * * *
The goblin hits you with a +0 dagger.
* * * LOW HITPOINT WARNING * * *
The goblin hits you with a +0 dagger.
* * * LOW HITPOINT WARNING * * *
The hobgoblin hits you.
You die...

.# .# .. .# #
#.. #.# #.#..
#.# g ##.#..
#.# .g
......##.# g.#
.#.#..g).# ...#
......g@.##.g..
.#.#..g)gg.#
#.......#.#
#.......# #
#.#.#.........
#.......#.####
#.#.#...#.#
...#.###.# # ..
. ...


You could see Robin, a hobgoblin (strong) and 3 goblins.

Vanquished Creatures
  An endoplasm (D:1)
  A giant cockroach (D:1)
  10 goblins
  4 hobgoblins (D:1)
  4 jackals (D:1)
  2 kobolds (D:1)
  3 quokkas (D:1)
  5 ball pythons
  2 bats (D:1)
  4 frilled lizards (D:1)
  A rat (D:2)
37 creatures vanquished.

Notes
Turn   | Place    | Note
-------+----------+-------------------------------------------
     0 | D:1      | mopl the Tengu Warper began the quest for the Orb.
     0 | D:1      | Reached XP level 1. HP: 12/12 MP: 4/4
   106 | D:1      | Reached XP level 2. HP: 17/17 MP: 6/6
   156 | D:1      | Reached skill level 3 in Maces & Flails
   299 | D:1      | Reached XP level 3. HP: 21/21 MP: 7/7
   745 | D:2      | Noticed Robin
   773 | D:2      | Slain by a hobgoblin

Illustrated notes

Levels and vault maps discovered:
D:1:      wheals_arrival_linesprint, layout_basic
D:2:      layout_basic, minivault_26, minmay_statues_item, uniq_robin,
          uniq_sigmund

Skill      XL: |  1  2 |
---------------+-------+-----
Maces & Flails | 3 |  3.7
Fighting       | |  2.0
Throwing       | |  1.0
Armour         | |  1.1
Dodging        | |  2.1
Spellcasting   | |  2.0
Translocations | |  2.8

Action                     || total
---------------------------++-------
  Melee: Mace              ||    86
         Kick              ||    23
         Peck              ||     8
   Stab: Distracted        ||     1
 Armour: Leather armour    ||    29
  Dodge: Dodged            ||    78

Table legend: (Time is in decaauts)
 A = Elapsed time spent in this place.
 B = Non-inter-level travel time spent in this place.
 C = Inter-level travel time spent in this place.
 D = Time resting spent in this place.
 E = Time spent auto-exploring this place.
 F = Levels seen in this place.
 G = Mean time per level.
                   A        B        C        D        E       F      G
               +--------+--------+--------+--------+--------+-----+--------+
         Total |    795 |    739 |     56 |      5 |    511 |   2 |  397.5 |
       Dungeon |    795 |    739 |     56 |      5 |    511 |   2 |  397.5 |
               +--------+--------+--------+--------+--------+-----+--------+

Top non-repeatable levels by time:
     D:1: 773 daAuts
     D:2: 21 daAuts
